 Dungeon Crawl Stone Soup version 0.19-a0-1492-gce1cc90 (webtiles) character file.

9618 MrRokkomies the Grappler (level 11, -28/115 HPs)
             Began as a Troll Chaos Knight on Sept 9, 2016.
             Hit by a large rock thrown by a cyclops (40 damage)
             ... on level 13 of the Dungeon on Sept 10, 2016.
             The game lasted 00:47:00 (8332 turns).

MrRokkomies the Grappler (Troll Chaos Knight)       Turns: 8332, Time: 00:47:03

Health: -28/115    AC:  9    Str: 22    XL:     11   Next: 25%
Magic:  10/10      EV: 15    Int:  8    God:    Xom [*.....]
Gold:   485        SH: 12    Dex: 17    Spells: 0 memorised, 10 levels left

rFire  . . .     SeeInvis .       - Unarmed
rCold  + . .     Gourm    +     a - +2 robe
rNeg   . . .     Faith    .     s - +1 shield
rPois  .         Spirit   .     q - +2 hat
rElec  .         Dismiss  .     (no cloak)
rCorr  .         Reflect  .     (gloves unavailable)
MR     .....     Harm     .     (boots unavailable)
Stlth  +++.......               (no amulet)
                                (no ring)
                                t - ring of protection from cold

@: agile, lethally poisoned (-28 -> -28), cleaving, very slightly contaminated,
hasted, invisible, very quick
A: unfitting armour, claws 3, fast metabolism 3, gourmand, regeneration 1,
shaggy fur 1, tough skin 2
a: Renounce Religion


You were on level 13 of the Dungeon.
You worshipped Xom.
You were a special plaything of Xom.
You were not hungry.

You visited 1 branch of the dungeon, and saw 13 of its levels.

You collected 652 gold pieces.
You spent 167 gold pieces at shops.

Inventory:

Missiles
 c - 290 stones
 d - 12 tomahawks (quivered)
 f - 56 poisoned needles
 p - 6 poisoned tomahawks
 r - a throwing net
 F - 9 large rocks
Armour
 a - a +2 robe (worn)
 q - a +2 hat (worn)
 s - a +1 shield (worn)
 I - a +0 large shield
Jewellery
 t - a ring of protection from cold (left claw)
 G - an uncursed ring of protection from fire {unknown}
Wands
 v - a wand of teleportation (1/9)
 x - a wand of flame (21/48)
 H - a wand of iceblast (6/15)
 J - a wand of flame (34/48)
Scrolls
 g - 4 scrolls of remove curse
 i - 3 scrolls of immolation
 j - a scroll of teleportation
 y - 2 scrolls of identify
 C - a scroll of holy word
Potions
 e - 3 potions of flight
 w - a potion of magic
 z - 4 potions of brilliance
 A - a potion of cancellation {unknown}
Books
 n - a book of Maledictions

   Spells                             Type                      Level
   a - Corona                         Hexes                        1
   b - Ensorcelled Hibernation        Hexes/Ice                    2
   c - Confuse                        Hexes                        3
   d - Tukima's Dance                 Hexes                        3
   e - Dazzling Spray                 Conjuration/Hexes            3
Miscellaneous
 D - a fan of gales
Comestibles
 b - 3 bread rations
 h - 6 meat rations
 k - 4 beef jerkies


   Skills:
 * Level 9.0 Fighting
 - Level 5.1 Throwing
 - Level 1.9 Dodging
 * Level 7.8 Shields
 - Level 10.0 Unarmed Combat


You had 10 spell levels left.
You didn't know any spells.

Dungeon Overview and Level Annotations

Branches:
Dungeon (13/15)            Temple (0/1) D:7             Orc (0/2) D:9
   Lair: D:8-11      Vaults: D:13-14

Altars:
Dithmenos
Elyvilon
Gozag
Hepliaklqana
Makhleb
Qazlal
Sif Muna
Trog
Uskayaw
Xom
Yredelemnul
Zin

Shops:
D:5 }   D:6 *(*[(   D:8 *   D:9 [


Innate Abilities, Weirdness & Mutations

You are too large for most types of armour.
You have claws for hands.
Your metabolism is lightning-fast.
You like to eat raw meat.
Your natural rate of healing is unusually fast.
You are covered in fur. (AC +1)
You have very tough skin. (AC +2)


Message History

The harpy is moderately wounded.
You claw the deep elf mage!
The cyclops shouts!
You block the harpy's attack. The harpy closely misses you.
The deep elf mage hits you but does no damage.
You hear a bellow! x2
You feel agile all of a sudden. The harpy closely misses you.
You block the harpy's attack. x3
You scratch the harpy.
The harpy is moderately wounded.
You claw the deep elf mage! The deep elf mage closely misses you.
A yak and an efreet come into view.
The efreet is wielding a scimitar of flaming.
You strike the helpless deep elf mage from behind!
You scratch the deep elf mage.
You kill the deep elf mage!
Your Fighting skill increases to level 9!
The cyclops throws a large rock.
The large rock hits you!!!
You die...
Xom giggles madly!

#####
##...#
##..).+
#..(.@#
R..C....#
Y......H#
#########


You could see a cyclops, a yak (wandering), a harpy and an efreet (wandering).

Vanquished Creatures
  Gastronok (D:9)
  An unseen horror (D:11)
  A hill giant (D:10)
  A cyclops (D:10)
  A deep elf mage (D:13)
  Joseph (D:9)
  A tengu conjurer (D:10)
  2 trolls
  Grinder (D:5)
  A centaur simulacrum (D:10)
  Sigmund (D:3)
  A hungry ghost (D:10)
  Menkaure (D:6)
  A water moccasin (D:6)
  A porcupine (D:11)
  3 orc warriors
  An ice beast (D:8)
  A phantom (D:7)
  A necrophage (D:9)
  4 ogres
  8 centaurs
  2 crocodiles (D:11)
  Blork the orc (D:5)
  3 giant frogs
  A scorpion (shapeshifter) (D:8)
  2 scorpions
  A water moccasin skeleton (D:6)
  18 killer bees
  8 wights
  4 howler monkeys
  A crimson imp (D:6)
  A giant frog zombie (D:11)
  A quasit (D:9)
  6 hounds
  2 giant frog skeletons (D:10)
  3 jellies
  3 centaur skeletons
  An orc priest (D:10)
  5 iguanas
  8 orc wizards
  4 worker ants
  A killer bee zombie (D:9)
  2 hound zombies
  A hound skeleton (D:4)
  7 gnolls
  A worker ant zombie (D:5)
  3 river rats (D:11)
  7 adders
  2 shadow imps
  An ooze (D:4)
  3 worms
  4 dart slugs
  4 giant geckos
  36 orcs
  4 giant cockroaches
  12 goblins
  3 hobgoblins
  6 jackals
  4 quokkas
  4 ball pythons
  5 bats
  4 giant newts
  9 kobolds
  A quokka zombie (D:5)
  9 rats
242 creatures vanquished.

Vanquished Creatures (collateral kills)
  A phantom (D:5)
  A killer bee (D:8)
2 creatures vanquished.

Vanquished Creatures (others)
  A basilisk (D:11)
  A killer bee (D:8)
  An orc (D:10)
  4 plants (D:11)
7 creatures vanquished.

Grand Total: 251 creatures vanquished

Notes
Turn   | Place    | Note
-------+----------+-------------------------------------------
     0 | D:1      | MrRokkomies the Troll Chaos Knight began the quest for the Orb.
     0 | D:1      | Reached XP level 1. HP: 22/22 MP: 0/0
     0 | D:1      | Noticed an ice dragon
     0 | D:1      | Noticed an orb of fire
     0 | D:1      | Noticed an iron dragon
     2 | D:1      | Noticed an ice dragon
     5 | D:1      | Noticed an orb of fire
     6 | D:1      | Noticed a tentacled monstrosity
     8 | D:1      | Noticed a shadow dragon
    10 | D:1      | Noticed an iron dragon
    14 | D:1      | Noticed a red draconian
    14 | D:1      | Noticed an orb of fire
    16 | D:1      | Noticed an orb of fire
    16 | D:1      | Noticed a large abomination
    18 | D:1      | Noticed a shadow dragon
    20 | D:1      | Noticed an iron dragon
   120 | D:1      | Reached XP level 2. HP: 25/29 MP: 1/1
   201 | D:1      | XOM: silly message
   211 | D:1      | XOM: divination: detect creatures
   682 | D:2      | Reached XP level 3. HP: 35/37 MP: 2/2
  1180 | D:3      | Found a glowing silver altar of Zin.
  1180 | D:3      | Found a shimmering altar of Xom.
  1181 | D:3      | Noticed an angel
  1280 | D:3      | Reached skill level 4 in Unarmed Combat
  1338 | D:3      | Found a burning altar of Makhleb.
  1348 | D:3      | Reached XP level 4. HP: 40/45 MP: 3/3
  1481 | D:3      | XOM: mild Tloc miscast
  1690 | D:3      | XOM: divination: magic mapping
  1703 | D:3      | Noticed Sigmund
  1720 | D:3      | XOM: confuse monster(s)
  1723 | D:3      | Killed Sigmund
  1723 | D:3      | Reached skill level 5 in Unarmed Combat
  1723 | D:3      | Reached XP level 5. HP: 44/54 MP: 4/4
  1839 | D:3      | XOM: god gift: bread ration
  1998 | D:4      | Reached XP level 6. HP: 55/63 MP: 5/5
  2072 | D:4      | Found a deep blue altar of Sif Muna.
  2099 | D:4      | XOM: confuse monster(s)
  2163 | D:4      | XOM: cast spell 'Alistair's Intoxication'
  2167 | D:4      | XOM: cast spell 'Ring of Flames'
  2206 | D:4      | Reached skill level 5 in Fighting
  2230 | D:4      | Reached skill level 6 in Unarmed Combat
  2230 | D:4      | Reached XP level 7. HP: 69/72 MP: 6/6
  2370 | D:4      | XOM: cloud trail
  2460 | D:4      | XOM: mild Necr miscast
  2462 | D:4      | Reached skill level 1 in Throwing
  2502 | D:4      | XOM: mild Erth miscast
  2750 | D:5      | Entered Level 5 of the Dungeon
  2754 | D:5      | XOM: confusion (+ monsters)
  2764 | D:5      | XOM: summons friendly iron imp
  2765 | D:5      | XOM: potion effect (curing)
  2810 | D:5      | Noticed Grinder
  2810 | D:5      | Paralysed by Grinder for 5 turns
  2815 | D:5      | XOM: fake destruction
  2823 | D:5      | Killed Grinder
  2823 | D:5      | Reached skill level 7 in Unarmed Combat
  2961 | D:5      | Reached XP level 8. HP: 63/80 MP: 7/7
  3071 | D:5      | Noticed Blork the orc
  3073 | D:5      | XOM: divination: detect creatures
  3074 | D:5      | XOM: scenery: create altars
  3085 | D:5      | Killed Blork the orc
  3099 | D:5      | Found Zadamn's Gadget Shoppe.
  3228 | D:5      | XOM: medium Conj miscast
  3263 | D:6      | Found Cer Gext's Weapon Emporium.
  3298 | D:6      | Found Rekysul's General Store.
  3384 | D:6      | Reached skill level 8 in Unarmed Combat
  3419 | D:6      | Noticed Menkaure
  3435 | D:6      | Killed Menkaure
  3435 | D:6      | Reached skill level 5 in Throwing
  3467 | D:6      | XOM: harmless Pois miscast
  3484 | D:6      | Found a hide-covered altar of Uskayaw.
  3488 | D:6      | Found a shadowy altar of Dithmenos.
  3493 | D:6      | Found a bloodstained altar of Trog.
  3545 | D:6      | Found Cenu's Antique Weapon Boutique.
  3584 | D:6      | Found Zouz's Antique Armour Shoppe.
  3675 | D:6      | Found Jameaxul's Assorted Antiques.
  3686 | D:6      | Bought a scroll labeled BOKKAIRASE for 19 gold pieces
  3686 | D:6      | Bought an amethyst potion for 17 gold pieces
  3686 | D:6      | Bought a worn brass wand for 76 gold pieces
  3686 | D:6      | Bought a bubbling inky potion for 17 gold pieces
  3686 | D:6      | Bought a scroll of identify for 38 gold pieces
  3866 | D:6      | XOM: cloud trail
  3912 | D:6      | Found an opulent altar of Gozag.
  3915 | D:6      | Found a hazy altar of Hepliaklqana.
  3923 | D:6      | Reached XP level 9. HP: 61/88 MP: 8/8
  4279 | D:7      | Reached skill level 9 in Unarmed Combat
  4306 | D:7      | Reached skill level 1 in Shields
  4306 | D:7      | XOM: enchant monster (good)
  4318 | D:7      | XOM: cast spell 'Call Canine Familiar'
  4324 | D:7      | XOM: divination: detect items
  4339 | D:7      | XOM: summons 3 friendly demons
  4350 | D:7      | XOM: summons friendly crimson imp
  4427 | D:6      | XOM: god gift: longbow {god gift}
  4575 | D:7      | Found a staircase to the Ecumenical Temple.
  4957 | D:8      | Found a basalt altar of Yredelemnul.
  5088 | D:8      | XOM is BORED!
  5088 | D:8      | XOM: medium Erth miscast
  5127 | D:8      | XOM: scenery: create altars
  5160 | D:8      | Found a white marble altar of Elyvilon.
  5208 | D:8      | Reached skill level 10 in Unarmed Combat
  5247 | D:8      | XOM: enchant monster (good)
  5348 | D:8      | Found Godinn's Changing Room.
  5377 | D:8      | XOM: fake destruction
  5543 | D:8      | XOM: scenery: create altars
  5562 | D:8      | XOM: divination: detect creatures
  5575 | D:8      | XOM: polymorph orc warrior -> scorpion
  5857 | D:9      | Reached XP level 10. HP: 98/100 MP: 9/9
  5950 | D:9      | Found a staircase to the Orcish Mines.
  5954 | D:9      | Noticed Joseph
  5963 | D:9      | XOM: enchant monster (good)
  5967 | D:9      | Killed Joseph
  5967 | D:9      | Reached skill level 5 in Shields
  6023 | D:9      | Found Nara's Antique Armour Emporium.
  6073 | D:9      | Found a stormy altar of Qazlal.
  6169 | D:9      | You fall through a shaft for 3 floors!
  6169 | D:12     | Noticed a five-headed hydra
  6169 | D:12     | Noticed a molten gargoyle
  6251 | D:10     | Entered Level 10 of the Dungeon
  6295 | D:9      | Noticed Gastronok
  6345 | D:9      | Killed Gastronok
  6708 | D:10     | Noticed a hill giant
  6998 | D:10     | XOM: 6-stop teleportation journey
  7068 | D:10     | Killed a hill giant
  7249 | D:10     | XOM: confusion (+ monsters)
  7682 | D:10     | XOM: cast spell 'Confusing Touch'
  7691 | D:10     | Reached XP level 11. HP: 89/113 MP: 10/10
  7728 | D:10     | XOM: god gift: wand of flame {god gift}
  7861 | D:11     | XOM: confuse monster(s)
  7877 | D:11     | XOM: butterfly on damage
  7883 | D:11     | XOM: cleaving
  7887 | D:11     | XOM: divine lightning
  7890 | D:11     | XOM: cleaving
  7921 | D:11     | Noticed Snorg
  8004 | D:11     | Snorg changed into something unseen
  8004 | D:11     | XOM: polymorph Snorg -> something unseen
  8024 | D:11     | Killed Snorg the unseen horror
  8193 | D:11     | XOM: polymorph worker ant -> hound
  8302 | D:11     | XOM: smoke on damage
  8305 | D:11     | XOM: summons 2 hostile shadow creatures
  8306 | D:11     | XOM: noise
  8312 | D:12     | Noticed a seven-headed hydra
  8318 | D:12     | XOM: destruction
  8327 | D:13     | Noticed a deep elf mage
  8327 | D:13     | Noticed a harpy
  8332 | D:13     | Killed a deep elf mage
  8332 | D:13     | Hit by a large rock thrown by a cyclops

Vault maps used:
D:1:      shiori_arrival_whats_in_store_for_you
D:3:      grunt_temple_overflow_order_and_chaos_1, makhleb_heckhound_becter,
          uniq_sigmund
D:4:      led_sif_book, first_bread
D:5:      serial_shops, shop, minmay_misc_feat_cross, st_stairs_7,
          uniq_blork_the_orc, uniq_grinder
D:6:      minitemple, grunt_temple_overflow_open, serial_shops, shop,
          kennysheep_mini_moat, nicolae_shop_waterfront,
          nicolae_shop_behind_doors, nicolae_shop_overgrown_old_shop,
          kennysheep_opposing_triangles, uniq_menkaure
D:8:      kennysheep_ying_yang, nicolae_transmutations_shop
D:9:      grunt_qazlal_sundering, orc_0_dummy, serial_shops, shop, uniq_joseph,
          uniq_gastronok
D:11:     minmay_lair_entry_grove, david_nohive_1, corner_web_ring, uniq_snorg
D:13:     minmay_isolated_rectangles_in_corner, serial_shops,
          nicolae_shop_overgrown_old_shop, lemuel_centaur_altar

Skill      XL: |  1  2  3  4  5  6  7  8  9 10 11 |
---------------+----------------------------------+-----
Fighting       | 3 4 5 6 8 9 |  9.0
Unarmed Combat | 4 5 6 7 8 10 | 10.0
Throwing       | 3 5 |  5.1
Shields        | 4 7 |  7.8
Dodging        | |  1.9

Action                   |  1- 3 |  4- 6 |  7- 9 | 10-12 || total
-------------------------+-------+-------+-------+-------++-------
Melee: Unarmed           |    93 |    73 |   320 |   211 ||   697
       Punch             |     1 |     3 |     6 |       ||    10
Throw: Tomahawk          |       |     1 |    11 |    19 ||    31
       Large rock        |       |       |       |     4 ||     4
  Use: Scroll            |     6 |     2 |     9 |    10 ||    27
       Potion            |       |     1 |     3 |     6 ||    10
 Stab: Sleeping          |     2 |       |     1 |     2 ||     5
       Confused          |       |     1 |       |       ||     1
       Paralysed         |       |       |     1 |       ||     1
       Invisible         |       |       |       |     2 ||     2
  Eat: Chunk             |    16 |     9 |    34 |    13 ||    72
       Meat ration       |       |       |       |     1 ||     1
       Royal jelly       |       |       |       |     1 ||     1
       Bread ration      |       |       |       |     1 ||     1
Armor: Robe              |    31 |    27 |    53 |    63 ||   174
Dodge: Dodged            |    38 |    29 |   103 |    71 ||   241
Block: Shield            |       |       |    64 |   127 ||   191
